 Dungeon Sprint DCSS version 0.30-a0-39-g42789b21ef (webtiles) character file.

Game seed: 8079060159519217462

1 mhtbhm the Ruffian (level 1, -1/18 HPs)
             Began as a Troll Transmuter on Aug 28, 2022.
             Killed from afar by Jessica (19 damage)
             ... with a bolt of dispelling energy
             ... in the Dungeon (Sprint III: "The Ten Rune Challenge").
             The game lasted 00:00:05 (23 turns).

mhtbhm the Ruffian (Troll Transmuter)                 Turns: 23, Time: 00:00:05

Health: -1/18      AC:  4    Str: 17    XL:     1   Next: 16%
Magic:  0/1        EV:  9    Int:  9    God:
Gold:   0          SH:  0    Dex: 10    Spells: 1/2 levels left

rFire   . . .      SeeInvis .      - Unarmed
rCold   . . .      Faith    .    (no shield)
rNeg    . . .      Spirit   .    a - +0 robe
rPois   .          Reflect  .    (helmet currently unavailable)
rElec   .          Harm     .    (no cloak)
rCorr   .          Rampage  .    (gloves unavailable)
Will    .....      NoTele   +    (boots unavailable)
Stlth   +.........               (no amulet)
HPRegen 0.86/turn                (no ring)
MPRegen 0.07/turn                (no ring)

@: appendages (expiring)
A: horns 2, talons 2, large, unfitting armour, claws 3, regeneration 1, shaggy
fur 1, tough skin 1
a: End Transformation


You were in the Dungeon.
You had temporarily grown beastly horns and talons.
You visited 1 branch

Inventory:

Armour
 a - a +0 robe (worn)
Scrolls
 h - a scroll of blinking
 i - a scroll of magic mapping {unknown}
Potions
 b - a potion of lignification
 c - a potion of curing
 d - a potion of heal wounds
 e - a potion of haste
 f - 2 potions of magic
 g - a potion of berserk rage


   Skills:
 + Level 0.7 Fighting
 + Level 1.7 Dodging
 + Level 3.3 Unarmed Combat
 + Level 1.3 Spellcasting
 + Level 1.5 Transmutations


You had one spell level left.
You knew the following spells:

 Your Spells              Type           Power      Damage    Failure   Level
a - Beastly Appendage     Tmut           6%         N/A       19%         1

Your spell library contained the following spells:

 Spells                   Type           Power      Damage    Failure   Level
 Wereblood                Tmut           3%         N/A       28%         2
 Spider Form              Tmut/Pois      1%         N/A       61%         3
 Ice Form                 Ice/Tmut       1%         N/A       95%         4


Dungeon Overview and Level Annotations

Branches:
Dungeon (1/1)

Altars:

Annotations:
D Jessica


Innate Abilities, Weirdness & Mutations

You have temporarily grown beastly horns and talons.
You are too large for most types of armour.
You have claws for hands.
Your natural rate of healing is unusually fast.
You are covered in fur. (AC +1)
You have tough skin. (AC +1)


Message History

There is an open door here.
You closely miss the rat. You claw the rat, but do no damage.
Your headbutt misses the rat. The rat barely misses you.
You barely miss the rat.
The rat bites you but does no damage. x2
You claw the rat!
You kill the rat!
The rat bites you but does no damage.
You barely miss the rat. Your headbutt misses the rat. You claw the rat!
You kill the rat!
No target in view!
No target in view!
No target in view!
No target in view!
No target in view!
No target in view!
No target in view!
No target in view!
No target in view!
No target in view!
No target in view!
No target in view!
No target in view!
No target in view!
You start resting.
Your horns disappear.
Your talons disappear.
Magic restored.
i - a scroll labelled TUCOIH OMOLOPNIAW
Casting: Beastly Appendage (safe; 19% risk of failure)
Confirm with . or Enter, or press ? or * to list all spells.
You grow a pair of large bovine horns.
Your feet morph into talons.
Your transformation is almost over.
As you open the door, it creaks loudly!
Jessica the Apprentice Sorceress comes into view.
She is wielding a +0 club and carrying a wand of quicksilver (8).
Jessica shouts!
Jessica zaps a wand.
The bolt of dispelling energy hits you!!
Your magical effects are unravelling.
Ouch! That really hurt!
You die...

▓▓▓▓
▓<.#
▓..#
▓#'####
▓..†..#
▓.....#
▓....@#
▓####'#
..#
.@.#
....#
+#####


You could see Jessica.

Vanquished Creatures
  2 rats (D)
2 creatures vanquished.

Notes
Turn   | Place    | Note
-------+----------+-------------------------------------------
     0 | D        | mhtbhm the Troll Transmuter began the quest for the Orb.
     0 | D        | Reached XP level 1. HP: 18/18 MP: 1/1
    23 | D        | Noticed Jessica
    23 | D        | Killed from afar by Jessica

Illustrated notes

Levels and vault maps discovered:
D:        dungeon_sprint_mu [sprint_mu_entry_forest, sprint_mu_temple_rooms,
          sprint_mu_d1_horrors, sprint_mu_d2_genie, sprint_mu_d3_branching,
          sprint_mu_orc_legion, sprint_mu_elf_gauntlet, sprint_mu_hive_nellie,
          sprint_mu_lair_fedhas, sprint_mu_vaults_butterflies,
          sprint_mu_slime_circle, sprint_mu_swamp_cave, sprint_mu_shoals_kraken,
          sprint_mu_blade_basic, sprint_mu_crypt_fortress,
          sprint_mu_tomb_spiral, sprint_mu_vestibule_basic,
          sprint_mu_gehenna_hellfire, sprint_mu_dis_giant,
          sprint_mu_tartarus_statrot, sprint_mu_cocytus_islands, sprint_mu_zot1]

Action                   || total
-------------------------++-------
Melee: Unarmed           ||     5
       Kick              ||     1
 Cast: Beastly Appendage ||     2
Armor: Robe              ||     4
Dodge: Dodged            ||     1

Table legend: (Time is in decaauts)
 A = Elapsed time spent in this place.
 B = Non-inter-level travel time spent in this place.
 C = Inter-level travel time spent in this place.
 D = Time resting spent in this place.
 E = Time spent auto-exploring this place.
 F = Levels seen in this place.
 G = Mean time per level.
                   A        B        C        D        E       F      G
               +--------+--------+--------+--------+--------+-----+--------+
         Total |     22 |     22 |      0 |      6 |      1 |   1 |   22.0 |
       Dungeon |     22 |     22 |      0 |      6 |      1 |   1 |   22.0 |
               +--------+--------+--------+--------+--------+-----+--------+

Top non-repeatable levels by time:
       D: 22 daAuts
